 Dungeon Crawl Stone Soup version 0.16-a0-3855-gd2600ac (webtiles) character file.

40 abixa the Slasher (level 3, 3/29 HPs)
             Began as a Demigod Skald on Jan 31, 2015.
             Quit the game on level 2 of the Dungeon.
             The game lasted 00:03:02 (1409 turns).

abixa the Slasher (Demigod Skald)                   Turns: 1409, Time: 00:03:02

Health: 3/29       AC:  7    Str: 15    XL:     3   Next: 14%
Magic:  2/7        EV: 11    Int: 21    God:
Gold:   63         SH:  0    Dex: 17    Spells: 1 memorised, 4 levels left

rFire  . . .     SeeInvis .     a - +0 falchion
rCold  . . .     Clarity  .     b - +0 leather armour
rNeg   . . .     SustAb   +     (no shield)
rPois  .         Gourm    .     m - +0 helmet
rElec  .         Spirit   .     (no cloak)
rCorr  .         Warding  .     y - +0 pair of gloves
rMut   .         Stasis   .     (no boots)
MR     .....                    (no amulet)
Stlth  +.........               (no ring)
                                (no ring)

@: brilliant, lethally poisoned, flying, not resistant to hostile enchantments,
very unstealthy
A: yellow scales 1, sustain abilities
a: no special abilities


You were on level 2 of the Dungeon.
You were near starving.

You visited 1 branch of the dungeon, and saw 2 of its levels.

You collected 63 gold pieces.

Inventory:

Hand weapons
 a - a +0 falchion (weapon)
 i - a +0 hunting sling
 l - a +0 antimagic dagger
Missiles
 n - 74 stones (quivered)
 r - 13 bolts
 x - 17 arrows
Armour
 b - a +0 leather armour (worn)
 g - a +0 ring mail
 m - a +0 helmet (worn)
 y - a +0 pair of gloves (worn)
Jewellery
 o - a +2 ring of strength {unknown}
Scrolls
 e - a scroll of enchant armour {unknown}
 f - a scroll of fear {unknown}
 h - 2 scrolls of recharging {unknown}
 k - 2 scrolls of identify {unknown}
 s - a scroll of fog {unknown}
 u - a scroll of remove curse {unknown}
 v - a scroll of amnesia {unknown}
 z - a scroll of magic mapping {unknown}
Potions
 p - a potion of might {unknown}
 q - a potion of flight
 B - a potion of curing {unknown}
Books
 c - a book of Battle

   Spells                             Type                      Level
   a - Infusion                       Charms                       1
   b - Shroud of Golubria             Charms/Translocation         2
   c - Song of Slaying                Charms                       2
   d - Spectral Weapon                Hexes/Charms                 3
   e - Regeneration                   Charms/Necromancy            3
Comestibles
 d - 2 bread rations
 j - 2 meat rations
 w - a beef jerky


   Skills:
 - Level 1.7 Fighting
 + Level 3.4 Long Blades
 - Level 0.8 Armour
 - Level 0.8 Dodging
 - Level 1.7 Spellcasting
 - Level 2.6 Charms


You had 4 spell levels left.
You knew the following spells:

 Your Spells              Type           Power        Failure   Level  Hunger
a - Infusion              Chrm           ####..       1%          1    #......


Dungeon Overview and Level Annotations

Branches:
Dungeon (2/15)


Innate Abilities, Weirdness & Mutations

Your attributes are resistant to harm.
You are partially covered in yellow scales (AC +2).


Message History

Increase (S)trength, (I)ntelligence, or (D)exterity?
You feel agile. x2
Drink which item? (? for menu, Esc to quit)
It was a potion of flight.
You feel very buoyant.
You fly up into the air.
* * * LOW HITPOINT WARNING * * *
You feel sick.
Found a bread ration.
Things that are here:
a stone; a scroll labeled KAMUFO WIVA Drink which item? (? for menu, Esc to quit)
It was a potion of beneficial mutation.
Yellow scales grow over part of your body.
You feel fantastic!
You are no longer magically infusing your attacks.
Drink which item? (? for menu, Esc to quit)
It was a potion of brilliance.
You feel clever all of a sudden.
Are you sure you want to abandon this character and quit the game? (Confirm with "yes".)

# ##. .%.. #...####
#......########
#@.......# ########.#
##+## #.# ##...## #.#
##.....## ##.#
##.......## ##..#
.####.........####...##
...............+.......##
. #...<......####.....#


There were no monsters in sight!

Vanquished Creatures
  An adder (D:2)
  A giant gecko (D:1)
  A ball python (D:1)
  2 giant cockroaches (D:1)
  3 goblins (D:1)
  3 hobgoblins
  3 bats
  A giant newt (D:2)
  4 jackals (D:1)
  4 kobolds
  7 rats
30 creatures vanquished.

Notes
Turn   | Place    | Note
--------------------------------------------------------------
     0 | D:1      | abixa, the Demigod Skald, began the quest for the Orb.
     0 | D:1      | Reached XP level 1. HP: 17/17 MP: 3/3
   426 | D:1      | Reached XP level 2. HP: 18/24 MP: 4/4
   579 | D:1      | Reached skill level 3 in Long Blades
  1403 | D:2      | Reached XP level 3. HP: 3/29 MP: 1/7
  1407 | D:2      | Gained mutation: You are partially covered in yellow scales (AC +2). [potion of beneficial mutation]
  1409 | D:2      | Quit the game

Action                   || total
-------------------------++-------
Melee: Falchion          ||    83
Throw: Stone             ||     1
 Cast: Infusion          ||     2
  Use: Potion            ||     3
